 Dungeon Crawl Stone Soup version 0.28-a0-984-g3775c662fe (webtiles) character file.

Game seed: 15616902295230757503

56 voltaire321 the Ducker (level 3, -1/28 HPs)
             Began as a Demonspawn Gladiator on Dec 3, 2021.
             Slain by a gnoll (10 damage)
             ... on level 1 of the Dungeon.
             The game lasted 00:04:07 (1369 turns).

voltaire321 the Ducker (Demonspawn Gladiator)       Turns: 1369, Time: 00:04:08

Health: -1/28      AC:  4    Str: 16    XL:     3   Next: 71%
Magic:  3/3        EV: 12    Int:  9    God:
Gold:   12         SH:  0    Dex: 14    Spells: 2/2 levels left

rFire   . . .      SeeInvis .   a - +0 war axe
rCold   . . .      Faith    .   (no shield)
rNeg    . . .      Spirit   .   b - +0 leather armour
rPois   .          Reflect  .   c - +0 helmet
rElec   .          Harm     .   (no cloak)
rCorr   .          Rampage  .   (no gloves)
Will    .....                   (no boots)
Stlth   +.........              (no amulet)
HPRegen 0.09/turn               (no ring)
MPRegen 0.08/turn               (no ring)

@: no status effects
A: powered by death 1, demonic touch 1
a: no special abilities


You were on level 1 of the Dungeon.
You visited 1 branch of the dungeon, and saw 2 of its levels.

You collected 12 gold pieces.

Inventory:

Hand Weapons
 a - a +0 war axe (weapon)
Missiles
 d - 3 throwing nets (quivered)
Armour
 b - a +0 leather armour (worn)
 c - a +0 helmet (worn)
Scrolls
 f - 2 scrolls of identify {unknown}
 g - a scroll of fog {unknown}
 h - a scroll of teleportation {unknown}
Potions
 e - a potion of resistance {unknown}
 i - 2 potions of curing {unknown}
 j - a potion of brilliance {unknown}


   Skills:
 + Level 2.5 Fighting
 + Level 3.0 Axes
 + Level 2.3 Throwing
 + Level 1.1 Armour
 + Level 3.0 Dodging


You had 2 spell levels left.
You didn't know any spells.
Your spell library was empty.

Dungeon Overview and Level Annotations

Branches:
Dungeon (2/15)

Altars:


Innate Abilities, Weirdness & Mutations

You regenerate a little health from kills.
Your touch may inflict minor irresistible damage on your foes.


Message History

Increase (S)trength, (I)ntelligence, or (D)exterity?
You feel stronger. x2; Your demonic ancestry asserts itself...
A wave of death washes over you.
Things that are here:
a +0 club; a +0 robe Sorry, you're not good enough to have a special ability.
A gnoll is nearby!
The gnoll hits you from afar with a +0 spear!
The gnoll shouts!
The gnoll hits you with a +0 spear!
You barely miss the gnoll.
You touch the gnoll.
The gnoll is moderately wounded.
The gnoll hits you with a +0 spear.
You closely miss the gnoll. Your touch misses the gnoll.
The gnoll is moderately wounded.
The gnoll hits you but does no damage. x2
You slash the gnoll!
You kill the gnoll!
You closely miss the gnoll.
You touch the gnoll.
The gnoll is moderately wounded.
The gnoll hits you with a +0 flail.
* * * LOW HITPOINT WARNING * * *
There is a stone staircase leading up here.
You climb upwards.
There is a stone staircase leading down here.
You start resting.
HP restored.
You climb downwards.
The gnoll misses you. x2; The gnoll closely misses you.
There is a stone staircase leading up here.
The gnoll hits you with a +0 flail. x2
You climb upwards.
There is a stone staircase leading down here.
You hit the gnoll.
The gnoll is moderately wounded.
You hit the gnoll but do no damage. The gnoll hits you with a +0 flail. x2
You slash the gnoll!
You kill the gnoll!
You closely miss the gnoll. The gnoll hits you with a +0 flail.
The gnoll hits you with a +0 flail!
You die...

# #.# #.# #.....# #.# #.#
#.#.### #.# #.# #.#.# #.#
#)# #.#.# #.## #.# #.#.#
#######..###.# ##.#.#
.............###..#.######
########.......g.).......#
########..######@#..####.#
..........# ###..# #.#
########.## #..# #.# # #.#
#..# #.# ########.# #..#
#.# .........# #..# #.#
########## #..# #.# # #..#
#.# #..# #.#


You could see a gnoll.

Vanquished Creatures
  Jessica (D:2)
  2 gnolls
  A ball python (D:1)
  4 endoplasms (D:1)
  A goblin (D:1)
  2 hobgoblins (D:1)
  3 kobolds (D:1)
  A bat (D:1)
  8 rats (D:1)
23 creatures vanquished.

Notes
Turn   | Place    | Note
-------+----------+-------------------------------------------
     0 | D:1      | voltaire321 the Demonspawn Gladiator began the quest for
                  | the Orb.
     0 | D:1      | Reached XP level 1. HP: 16/16 MP: 1/1
   249 | D:1      | Gained mutation: Your touch may inflict minor irresistible
                  | damage on your foes. [demonic ancestry]
   249 | D:1      | Reached XP level 2. HP: 10/22 MP: 2/2
  1128 | D:2      | Noticed Jessica
  1132 | D:2      | Killed Jessica
  1133 | D:2      | Reached skill level 1 in Armour
  1133 | D:2      | Gained mutation: You regenerate a little health from kills.
                  | [demonic ancestry]
  1133 | D:2      | Reached XP level 3. HP: 28/28 MP: 3/3
  1369 | D:1      | Slain by a gnoll

Illustrated notes

Levels and vault maps discovered:
D:1:      scummos_arrival_simple_fountains, layout_loops_ring
D:2:      layout_loops_corners, dreamdust_ecumenical_altar_drowned_temple,
          minmay_unequal, uniq_terence, uniq_jessica

Skill      XL: |  1  2 |
---------------+-------+-----
Throwing       | 2 |  2.3
Axes           | 3 |  3.0
Armour         | 1 |  1.1
Dodging        | 3 |  3.0
Fighting       | |  2.5

Action                   || total
-------------------------++-------
Melee: War axe           ||    52
       Touch             ||     5
 Stab: Sleeping          ||     1
Armor: Leather armour    ||    15
Dodge: Dodged            ||    29

Table legend: (Time is in decaauts)
 A = Elapsed time spent in this place.
 B = Non-inter-level travel time spent in this place.
 C = Inter-level travel time spent in this place.
 D = Time resting spent in this place.
 E = Time spent auto-exploring this place.
 F = Levels seen in this place.
 G = Mean time per level.
                   A        B        C        D        E       F      G
               +--------+--------+--------+--------+--------+-----+--------+
         Total |   1389 |   1389 |      0 |    372 |    737 |   2 |  694.5 |
       Dungeon |   1389 |   1389 |      0 |    372 |    737 |   2 |  694.5 |
               +--------+--------+--------+--------+--------+-----+--------+

Top non-repeatable levels by time:
     D:1: 1335 daAuts
     D:2: 53 daAuts
